 Seeded DCSS version 0.29.1-2-gbd0b4ee654 (webtiles) character file.

Game seed: 10246691772235567293 (custom seed)

1936 qeuew the Schismatic (level 8, -8/96 HPs)
             Began as a Demonspawn Abyssal Knight on Nov 15, 2022.
             Was an Elder of Lugonu.
             Mangled by a wight
             ... wielding a +5 scimitar
              (12 damage)
             ... on level 6 of the Dungeon.
             The game lasted 00:06:42 (6190 turns).

qeuew the Schismatic (Demonspawn Abyssal Knight)    Turns: 6190, Time: 00:06:42

Health: -8/96      AC: 11    Str: 16    XL:     8   Next: 97%
Magic:  11/11      EV: 12    Int: 18    God:    Lugonu [****..]
Gold:   348        SH:  6    Dex: 17    Spells: 7/7 levels left

rFire   . . .      SeeInvis .   a - +8 broad axe of Ubith {vorpal, Will- Str+4 Int+2 Dex+2}
rCold   . . .      Faith    .   (no shield)
rNeg    + . .      Spirit   .   e - +0 ring mail
rPois   .          Reflect  .   (no helmet)
rElec   .          Harm     .   (no cloak)
rCorr   .          Rampage  .   c - +0 pair of gloves
Will    .....                   (no boots)
Stlth   ..........              (no amulet)
HPRegen 0.26/turn               b - +4 ring of protection
MPRegen 0.12/turn               o - ring of positive energy

@: berserking, very quick
A: hooves 1, large bone plates 2, ignite blood 1, clever 1, low MP 1, MP-powered
wands
a: Renounce Religion, Depart the Abyss, Bend Space, Banish, Corrupt


You were on level 6 of the Dungeon.
You worshipped Lugonu.
Lugonu was greatly pleased with you.
You visited 1 branch of the dungeon, and saw 6 of its levels.
You visited the Abyss 1 time.
You also visited: Sewer.

You collected 348 gold pieces.

Inventory:

Hand Weapons
 a - the +8 broad axe of Ubith (weapon) {vorpal, Will- Str+4 Int+2 Dex+2}
   (You acquired it in a sewer)

   It inflicts extra damage upon your enemies.
   Str:       It affects your strength (+4).
   Int:       It affects your intelligence (+2).
   Dex:       It affects your dexterity (+2).
   Will:      It decreases your willpower.
Armour
 c - a +0 pair of gloves (worn)
 e - a +0 ring mail (worn)
Jewellery
 b - a +4 ring of protection (left hand)
 o - a ring of positive energy (right hand)
Wands
 g - a wand of flame (6)
 m - a wand of polymorph (13)
Scrolls
 d - 2 scrolls of teleportation
 i - a scroll of identify
 k - 2 scrolls of acquirement
 l - 3 scrolls of enchant weapon
 n - a scroll of amnesia
 q - a scroll of magic mapping
Potions
 h - a potion of magic
 j - 2 potions of curing
 p - a potion of flight {unknown}
 r - a potion of brilliance {unknown}
 s - a potion of might


   Skills:
 + Level 5.8 Fighting
 + Level 4.7 Axes
 + Level 4.8 Armour
 + Level 4.3 Dodging
 + Level 6.9 Invocations
 + Level 3.5 Evocations


You had 7 spell levels left.
You didn't know any spells.
Your spell library contained the following spells:

 Spells                   Type           Power      Damage    Failure   Level
 Beastly Appendage        Tmut           0%         N/A       36%         1
 Blink                    Tloc           0%         N/A       52%         2
 Confusing Touch          Hex            0%         N/A       75%         3
 Lesser Beckoning         Tloc           0%         N/A       75%         3
 Manifold Assault         Tloc           0%         N/A       100%        5
 Yara's Violent Unravell  Hex/Tmut       0%         3d3       100%        5
 Dispersal                Tloc           0%         N/A       100%        6
 Dragon Form              Tmut           0%         N/A       100%        7
 Enfeeble                 Hex            0%         N/A       100%        7


Dungeon Overview and Level Annotations

Branches:
Dungeon (6/15)             Temple (0/1) D:6           Sewer (visited)

Altars:
Fedhas
Makhleb
Nemelex Xobeh
Trog

Shops:
D:1 :


Innate Abilities, Weirdness & Mutations

You have large cloven feet.
You are mostly covered in large bone plates. (SH +6)
Your demonic aura sometimes causes spilled blood to erupt in flames.
Your mind is acute. (Int +4, Str/Dex -1)
Your magical capacity is low. (-10% MP)
You expend magic power (3 MP) to strengthen your wands.


Message History

A wight comes into view.
It is wielding a +4 long sword of distortion.
The wight barely misses you.
You hit the wight. You kick the wight.
The wight is heavily damaged.
The wight hits you with a +0 spear. You partially resist.
You feel drained.
A wight comes into view. It is wielding a +5 scimitar.
The wight hits you with a +0 spear. You partially resist.
You feel drained.
You slice the wight!!
You destroy the wight!
Lugonu accepts your kill.
You hit the wight but do no damage. The wight barely misses you.
You slash the wight!
The wight is severely damaged.
You hit the wight. The wight closely misses you. The wight barely misses you.
The wight hits you with a +0 scimitar!
The wight hits you with a +0 great sword.
You slash the wight!
You destroy the wight!
Lugonu accepts your kill.
You hit the wight. x2; The wight hits you but does no damage.
The wight barely misses you.
Your life force feels restored.
You slash the wight!
The wight is almost destroyed.
You barely miss the wight. You completely miss the wight.
The wight hits you with a +4 long sword of distortion.
You blink.
You slash the wight!
The wight is almost destroyed.
The wight hits you with a +5 scimitar! You block the wight's attack.
The wight misses you.
The wight hits you with a +4 long sword of distortion.
Space warps horribly around you!
* * * LOW HITPOINT WARNING * * *
A red film seems to cover your vision as you go berserk!
You feel yourself moving faster!
You feel mighty! The wight hits you but does no damage.
Space warps horribly around you!!
* * * LOW HITPOINT WARNING * * *
The wight hits you with a +5 scimitar!
You die...

#....>.# #.## ..
#......# #..#
#.####...>..## #..##
.............####...####
#.......................
##.....).......#..8..#.
##.....###....##[.)##.
##.zzz.##....#######.
##.@.....)..##?..##.
#...........#..8..#.
#..#.....#..........
#..###....##.........
#.#. #.<..#######.###
#.##..........# #...#
#.# #..#.....#..# ##...
... #.##.###.#.##.# ##..
.. .##.⌠ #.8.# . ##.


You could see 3 wights.

Vanquished Creatures
  Menkaure (D:4)
  3 water moccasins
  Pargi (Sewer)
  A black bear (D:6)
  An ice beast (D:5)
  2 ogres
  2 phantoms
  2 scorpions (D:5)
  6 wights (D:6)
  3 hounds (D:5)
  2 jellies
  Crazy Yiuf (D:5)
  2 iguanas
  Natasha (twice) (D:2)
  6 adders
  2 white imps
  2 ufetubi
  2 worms (D:4)
  A dart slug (D:1)
  13 orcs
  8 ball pythons
  11 bats
  7 endoplasms
  3 giant cockroaches
  5 goblins
  6 hobgoblins
  2 quokkas (D:2)
  3 frilled lizards (D:2)
  5 kobolds
  8 rats
113 creatures vanquished.

Notes
Turn   | Place    | Note
-------+----------+-------------------------------------------
     0 | Abyss:1  | qeuew the Demonspawn Abyssal Knight began the quest for the
                  | Orb.
     0 | Abyss:1  | Reached XP level 1. HP: 18/18 MP: 2/2
     1 | D:1      | Escaped the Abyss
   435 | D:1      | Found Efemops's Vocational Training.
   467 | D:1      | Found a faded altar of an unknown god.
   472 | D:1      | Reached skill level 1 in Dodging
   595 | D:1      | Gained mutation: You are partially covered in large bone
                  | plates. (SH +4) [demonic ancestry]
   595 | D:1      | Reached XP level 2. HP: 22/24 MP: 4/4
   817 | D:1      | Gained mutation: Your mind is acute. (Int +4, Str/Dex -1)
                  | [potion of mutation]
   817 | D:1      | Gained mutation: Your magical capacity is low. (-10% MP)
                  | [potion of mutation]
   817 | D:1      | Gained mutation: You expend magic power (3 MP) to
                  | strengthen your wands. [potion of mutation]
  1138 | D:2      | Reached skill level 3 in Invocations
  1144 | D:2      | Reached XP level 3. HP: 14/29 MP: 4/4
  1657 | D:2      | Got Sif Muna's Tome of the Changing Voyage
  1754 | D:2      | Noticed Natasha
  1765 | D:2      | Killed Natasha
  1766 | D:2      | Gained mutation: Your demonic aura sometimes causes spilled
                  | blood to erupt in flames. [demonic ancestry]
  1766 | D:2      | Reached XP level 4. HP: 30/35 MP: 5/5
  1850 | D:2      | Noticed Natasha
  1859 | D:2      | Killed Natasha
  1912 | D:2      | Identified 3 scrolls of acquirement
  2011 | D:3      | Noticed a phantom
  2016 | D:3      | Killed a phantom
  2017 | D:3      | Gained mutation: You are mostly covered in large bone
                  | plates. (SH +6) [demonic ancestry]
  2017 | D:3      | Reached XP level 5. HP: 30/42 MP: 5/7
  2129 | D:3      | Reached *** piety under Lugonu
  2231 | D:3      | HP: 2/42 [poisoned by an adder]
  2235 | D:3      | Reached skill level 4 in Invocations
  3395 | D:4      | Reached XP level 6. HP: 47/48 MP: 8/8
  3517 | D:4      | Found a burning altar of Makhleb.
  3611 | D:4      | Found a glowing drain.
  3626 | Sewer    | Entered a sewer
  3810 | Sewer    | Noticed Pargi
  3816 | Sewer    | Killed Pargi
  3864 | Sewer    | Acquired the +8 broad axe of Ubith {vorpal, Will- Str+4
                  | Int+2 Dex+2}
  3894 | D:4      | Reached skill level 1 in Evocations
  3894 | D:4      | Reached XP level 7. HP: 50/55 MP: 9/9
  3967 | D:4      | Noticed Menkaure
  3974 | D:4      | Killed Menkaure
  3975 | D:4      | Reached skill level 5 in Invocations
  4149 | D:4      | Found a sparkling altar of Nemelex Xobeh.
  4172 | D:4      | You fall into a shaft and drop 2 floors!
  4183 | D:5      | Entered Level 5 of the Dungeon
  4194 | D:5      | Reached **** piety under Lugonu
  4634 | D:5      | Found a bloodstained altar of Trog.
  4818 | D:5      | Gained mutation: You have large cloven feet. [demonic
                  | ancestry]
  4818 | D:5      | Reached XP level 8. HP: 37/61 MP: 11/11
  4984 | D:5      | Reached skill level 5 in Fighting
  5202 | D:5      | Reached skill level 6 in Invocations
  5441 | D:5      | Found a runed translucent door.
  5442 | D:5      | Noticed Crazy Yiuf
  5447 | D:5      | Killed Crazy Yiuf
  5664 | D:6      | Found a blossoming altar of Fedhas.
  6048 | D:6      | Found a staircase to the Ecumenical Temple.
  6190 | D:6      | HP: 4/96 [wight/+4 long sword of distortion (25)]
  6190 | D:6      | Mangled by a wight

Illustrated notes

Levels and vault maps discovered:
D:1:      matt_arrival_refuge, layout_loops_cross,
          chequers_ecumenical_altar_island, nicolae_shop_vocational
D:2:      layout_rooms, uniq_natasha
D:3:      layout_basic, mainiacjoe_overflow_catwalk, minmay_misc_feat_chi,
          kennysheep_boxes
D:4:      layout_loops_ring, mainiacjoe_overflow_six_doors_small,
          general_overflow_altar, cheibrodos_sewer_entry_drain, uniq_menkaure
D:5:      layout_loops_ring, trog_three_pillars_becter, uniq_crazy_yiuf_cottage
D:6:      layout_layer_cave, old_standard_altar, nicolae_overflow_crystal_walls,
          minmay_temple_entry_ruins, minmay_misc_feat_columns,
          grunt_decor_mini_mirrors, mrwooster_statue_mirror,
          minmay_ruined_shrine

Skill      XL: |  1  2  3  4  5  6  7  8 |
---------------+-------------------------+-----
Dodging        | 1 2 3 4 |  4.3
Axes           | 2 3 4 |  4.7
Armour         | 2 3 4 |  4.8
Invocations    | 3 4 5 6 |  6.9
Fighting       | 4 5 |  5.8
Evocations     | 1 2 3 |  3.5

Action                   |  1- 3 |  4- 6 |  7- 9 || total
-------------------------+-------+-------+-------++-------
Melee: Hand axe          |    86 |       |       ||    86
       Punch             |     2 |     1 |     1 ||     4
       War axe           |     8 |   127 |       ||   135
       Broad axe         |       |     6 |    88 ||    94
       Kick              |       |       |     7 ||     7
Invok: Banish            |       |     1 |       ||     1
  Use: Scroll            |     6 |     7 |     2 ||    15
       Potion            |     1 |     6 |     1 ||     8
Armor: Leather armour    |    16 |    14 |       ||    30
       Ring mail         |       |    75 |    32 ||   107
Dodge: Dodged            |    55 |   109 |    56 ||   220
Block: Other             |    14 |    64 |    25 ||   103
